 Dungeon Crawl Stone Soup version 0.21-a0-401-g0b6bec4 (webtiles) character file.

2018 zxpr0jk the Magician (level 9, -1/62 HPs)
             Began as a Pale Draconian Ice Elementalist on Oct 24, 2017.
             Was a Follower of Sif Muna.
             Slain by Pikel
             ... wielding a +1 whip of freezing
              (4 damage)
             ... on level 7 of the Dungeon.
             The game lasted 00:17:49 (6609 turns).

zxpr0jk the Magician (DrIE)                         Turns: 6609, Time: 00:17:49

Health: -1/62      AC: 15    Str: 10    XL:     9   Next: 3%
Magic:  13/20      EV: 12    Int: 16    God:    Sif Muna [*.....]
Gold:   316        SH:  0    Dex: 15    Spells: 8/23 levels left

rFire    + . .     SeeInvis +   D - +2 rapier (drain)
rCold    . . .     Gourm    .   (no shield)
rNeg     . . .     Faith    .   (armour unavailable)
rPois    .         Spirit   .   (helmet restricted)
rElec    .         Reflect  .   y - +0 cloak
rCorr    .         Harm     .   (no gloves)
MR       .....                  e - +0 pair of boots
Stlth    ++........             m - amulet of magic regeneration
HPRegen  0.20/turn              s - ring of see invisible
MPRegen  0.42/turn              w - ring of protection from fire

@: icy armour, slow
A: breathe steam, unfitting armour, cold-blooded, AC +7
a: Breathe Steam, Divine Energy, Renounce Religion


You were on level 7 of the Dungeon.
You worshipped Sif Muna.
Sif Muna was aware of your devotion.
You were not hungry.

You visited 2 branches of the dungeon, and saw 8 of its levels.

You collected 316 gold pieces.

Inventory:

Hand Weapons
 D - a +2 rapier of draining (weapon)
 I - a +0 scimitar
 L - a cursed +3 falchion
Armour
 e - a +0 pair of boots (worn)
 y - a +0 cloak (worn)
Jewellery
 m - an amulet of magic regeneration (around neck)
 s - a ring of see invisible (left hand)
 w - a ring of protection from fire (right hand)
 J - a cursed amulet of inaccuracy {unknown}
 K - an uncursed ring of wizardry {unknown}
Wands
 x - a wand of paralysis (8/24)
 A - a wand of flame (24/48)
Scrolls
 c - 2 scrolls of recharging {unknown}
 d - a scroll of enchant armour {unknown}
 g - 9 scrolls of remove curse {unknown}
 h - 7 scrolls of identify {unknown}
 k - a scroll of enchant weapon {unknown}
 l - 4 scrolls of teleportation {unknown}
 q - a scroll of magic mapping {unknown}
 G - a scroll of fog {unknown}
 P - a scroll of amnesia {unknown}
Potions
 i - a potion of magic {unknown}
 j - 2 potions of lignification {unknown}
 o - 5 potions of curing {unknown}
 p - a potion of agility {unknown}
 t - a potion of cancellation {unknown}
 u - 2 potions of haste {unknown}
 v - a potion of heal wounds {unknown}
 B - a potion of flight {unknown}
 C - a potion of resistance {unknown}
 E - a potion of mutation {unknown}
 H - a potion of brilliance {unknown}
 M - a potion of might {unknown}
Books
 a - a book of Frost

   Spells                             Type                      Level
   a - Freeze                         Ice                          1
   b - Throw Frost                    Conjuration/Ice              2
   c - Ozocubu's Armour               Charms/Ice                   3
   d - Throw Icicle                   Conjuration/Ice              4
   e - Summon Ice Beast               Ice/Summoning                4
 z - a book of Maledictions

   Spells                             Type                      Level
   a - Corona                         Hexes                        1
   b - Ensorcelled Hibernation        Hexes/Ice                    2
   c - Confuse                        Hexes                        3
   d - Tukima's Dance                 Hexes                        3
   e - Dazzling Spray                 Conjuration/Hexes            3
 F - a book of Flames

   Spells                             Type                      Level
   a - Flame Tongue                   Conjuration/Fire             1
   b - Throw Flame                    Conjuration/Fire             2
   c - Conjure Flame                  Conjuration/Fire             3
   d - Inner Flame                    Hexes/Fire                   3
   e - Sticky Flame                   Conjuration/Fire             4
   f - Fireball                       Conjuration/Fire             5
 O - a book of Callings

   Spells                             Type                      Level
   a - Summon Small Mammal            Summoning                    1
   b - Call Imp                       Summoning                    2
   c - Call Canine Familiar           Summoning                    3
   d - Summon Guardian Golem          Hexes/Summoning              3
   e - Summon Lightning Spire         Summoning/Air                4
   f - Summon Ice Beast               Ice/Summoning                4
Comestibles
 b - 10 bread rations
 f - 7 meat rations
 n - 2 royal jellies
 r - 7 fruits
 N - 7 chunks of flesh


   Skills:
 - Level 1.7 Dodging
 - Level 1.7 Stealth
 + Level 7.9 Spellcasting
 - Level 1.0 Conjurations
 - Level 7.4 Ice Magic
 - Level 5.1 Evocations


You had 8 spell levels left.
You knew the following spells:

 Your Spells              Type           Power        Failure   Level  Hunger
a - Freeze                Ice            ####         1%          1    None
b - Ozocubu's Armour      Chrm/Ice       ###.....     8%          3    ##.....
c - Summon Ice Beast      Ice/Summ       ###.....     24%         4    ####...
d - Sticky Flame          Conj/Fire      #.......     67%         4    ####...
e - Tukima's Dance        Hex            #.......     34%         3    ##.....


Dungeon Overview and Level Annotations

Branches:
Dungeon (7/15)             Temple (1/1) D:5

Altars:
Ashenzari
Cheibriados
Dithmenos
Elyvilon
Fedhas
Gozag
Hepliaklqana
Kikubaaqudgha
Makhleb
Nemelex Xobeh
Okawaru
Qazlal
Ru
Sif Muna
Trog
Uskayaw
Vehumet
Wu Jian
Xom
Yredelemnul
Zin
The Shining One

Annotations:
D:7 Pikel


Innate Abilities, Weirdness & Mutations

You can breathe blasts of scalding, opaque steam.
Your pale cyan-grey scales are hard. (AC +7)
You cannot fit into any form of body armour.
You are cold-blooded and may be slowed by cold attacks.


Message History

You freeze Pikel.
Pikel completely resists.
Pikel is severely wounded.
Pikel misses you. The slave hits you.
* * * LOW HITPOINT WARNING * * *
The slave barely misses you. The slave hits you but does no damage.
The slave misses you. Pikel hits you but does no damage.
The slave hits you but does no damage. The slave misses you.
The slave closely misses you.
Casting: Freeze
Confirm with . or Enter, or press ? or * to list all spells.
Aiming: Freeze
Press: ? - help, Shift-Dir - straight line, f/p - Pikel
Aim: Pikel, wielding a whip of freezing and wearing a glowing robe (severely wounded, lightly drained)
You freeze Pikel.
Pikel completely resists.
Pikel is severely wounded.
You feel yourself speed up. The slave closely misses you.
Pikel says, "Slavery isn't that bad."
Pikel hits you with a whip of freezing.
You die...

#.##).....##.#..# .......
.)......#..#.<..# .
......# #)########.#....
. ...... #......รท...#
.#.## .# .....
#######....# ...####'##.
... ...........#
.......... ...
...........#####.........
...............'.pp.....>
...............#.@Ks.....
.......##......##pp......
.......##......##........
...............##........
...............##........
..........##...##........
..........#8...8#........
..........##...##........
######....##...#


You could see Pikel, 4 slaves and a giant cockroach.

Vanquished Creatures
  The ghost of dog the Cudgeler, an amateur MiBe of Trog (D:5)
  Menkaure (D:4)
  An orc warrior (D:6)
  An ogre (D:5)
  2 centaurs (D:7)
  2 bullfrogs
  3 scorpions
  A jelly (D:7)
  4 wights (D:7)
  2 crimson imps (D:5)
  A centaur skeleton (D:4)
  3 hounds
  An orc priest (D:7)
  Crazy Yiuf (D:2)
  A bullfrog skeleton (D:6)
  A bullfrog zombie (D:5)
  10 orc wizards
  4 worker ants
  2 worker ant zombies
  7 adders
  An ooze (D:3)
  An adder zombie (D:6)
  3 dart slugs
  3 leopard geckos
  18 orcs
  5 bats
  5 giant cockroaches
  4 goblins
  3 hobgoblins
  4 jackals (D:2)
  2 quokkas
  A ball python (D:1)
  3 frilled lizards
  8 kobolds
  A quokka skeleton (D:4)
  3 rats
114 creatures vanquished.

Notes
Turn   | Place    | Note
-------+----------+-------------------------------------------
     0 | D:1      | zxpr0jk the Draconian Ice Elementalist began the quest for the Orb.
     0 | D:1      | Reached XP level 1. HP: 14/14 MP: 3/3
   274 | D:1      | Reached XP level 2. HP: 20/20 MP: 5/5
   500 | D:2      | Found a faded altar of an unknown god.
   810 | D:2      | Reached XP level 3. HP: 18/26 MP: 3/6
  1067 | D:2      | Found a white marble altar of Elyvilon.
  1723 | D:2      | Found a runed door.
  1850 | D:2      | Reached XP level 4. HP: 27/33 MP: 6/8
  2012 | D:2      | Noticed Crazy Yiuf
  2018 | D:2      | Killed Crazy Yiuf
  2539 | D:3      | Reached skill level 5 in Ice Magic
  2539 | D:3      | Reached XP level 5. HP: 34/38 MP: 7/9
  2967 | D:4      | Noticed Menkaure
  2969 | D:4      | Killed Menkaure
  2969 | D:4      | Reached XP level 6. HP: 45/45 MP: 9/11
  3333 | D:4      | Learned a level 3 spell: Ozocubu's Armour
  3338 | D:4      | Learned a level 4 spell: Summon Ice Beast
  3701 | D:5      | Entered Level 5 of the Dungeon
  3779 | D:5      | Your scales start taking on a pale cyan-grey colour.
  3779 | D:5      | Reached XP level 7. HP: 37/50 MP: 13/13
  3903 | D:5      | Noticed dog's ghost (amateur MiBe)
  3933 | D:5      | Killed dog's ghost
  3933 | D:5      | Reached skill level 1 in Evocations
  4038 | D:5      | Learned a level 4 spell: Sticky Flame
  4160 | D:5      | Found a staircase to the Ecumenical Temple.
  4217 | D:5      | Reached skill level 5 in Spellcasting
  4262 | Temple   | Entered the Ecumenical Temple
  4543 | Temple   | Became a worshipper of Sif Muna the Loreminder
  4665 | D:5      | Reached XP level 8. HP: 23/57 MP: 15/15
  5652 | D:6      | Reached skill level 5 in Evocations
  6217 | D:7      | Reached * piety under Sif Muna
  6454 | D:7      | Reached XP level 9. HP: 49/62 MP: 16/20
  6565 | D:7      | Learned a level 3 spell: Tukima's Dance
  6595 | D:7      | Noticed Pikel
  6608 | D:7      | HP: 3/62 [slave[Pikel] (5)]
  6609 | D:7      | Slain by Pikel

Vault maps used:
D:1:      co_arrival_random_square_maze
D:2:      lemuel_round_altar, serial_curves, eino_curves_02, eino_curves_01,
          eino_curves_03, eino_curves_03, chequers_ecumenical_altar_island,
          fountainhead, minmay_misc_feat_room, uniq_crazy_yiuf_cottage
D:4:      uniq_menkaure
D:5:      minmay_temple_entry_poolview, first_bread, small_statue_intersection,
          wad_floor_pattern_1
D:6:      minmay_a_box_with_orc_wizards_in_it
D:7:      serial_corexii_hall, corexii_hall_statues_i, corexii_hall_statues_u,
          the_bakery, uniq_pikel
Temple:   nicolae_temple_the_god_donut

Skill      XL: |  1  2  3  4  5  6  7  8 |
---------------+-------------------------+-----
Ice Magic      | 4 5 6 7 |  7.4
Spellcasting   | 3 4 5 7 |  7.9
Evocations     | 3 5 |  5.1
Dodging        | |  1.7
Stealth        | |  1.7
Conjurations   | |  1.0

Action                   |  1- 3 |  4- 6 |  7- 9 || total
-------------------------+-------+-------+-------++-------
Melee: Spear             |    93 |       |       ||    93
       Tailslap          |     6 |     4 |    24 ||    34
       Unarmed           |     1 |       |       ||     1
       Rapier            |       |    74 |   168 ||   242
 Fire: Hunting sling     |       |    62 |       ||    62
 Cast: Freeze            |    17 |     9 |    22 ||    48
       Ozocubu's Armour  |       |       |     4 ||     4
       Summon Ice Beast  |       |       |     1 ||     1
 Abil: Breathe Steam     |       |       |     6 ||     6
Evoke: Wand              |       |     2 |     1 ||     3
 Stab: Sleeping          |     1 |       |     2 ||     3
  Eat: Chunk             |     3 |     5 |    11 ||    19
Armor: Skin              |    29 |    32 |    92 ||   153
Dodge: Dodged            |    59 |    59 |   137 ||   255

Table legend:
 A = Spawn XP
 B = Non-spawn XP
 C = Spawn XP percentage of total XP
 D = Spawn monster count
 E = Non-spawn monster count
 F = Spawn count percentage of total count
 G = Total turns spent on level
                    A         B        C        D         E        F      G
               +---------+---------+-------+---------+---------+-------+---------
         Total |       0 |    2883 |   0.0 |       0 |     114 |   0.0 |  6609
               +---------+---------+-------+---------+---------+-------+---------
           D:1 |       0 |      17 |   0.0 |       0 |       9 |   0.0 |   446
           D:2 |       0 |     127 |   0.0 |       0 |      23 |   0.0 |  1617
           D:3 |       0 |      65 |   0.0 |       0 |      23 |   0.0 |   904
           D:4 |       0 |     504 |   0.0 |       0 |      13 |   0.0 |   734
           D:5 |       0 |     811 |   0.0 |       0 |      13 |   0.0 |  1060
           D:6 |       0 |     644 |   0.0 |       0 |      17 |   0.0 |  1058
           D:7 |       0 |     715 |   0.0 |       0 |      16 |   0.0 |   496
               +---------+---------+-------+---------+---------+-------+---------
